cohdb
Replays
Latest Replays
All Replays
Popular Replays
Top Player Replays
Match Explorer
How It Works
Community
CoH3 Stats
Reddit
Sign in to upload your games and track your stats! →
Sign in with Steam
Match 46562865
Unlisted
Match 46562865
Overview
Messages
Build Orders
End
Construct Barracks
Selects Armored Battlegroup
Selects Veteran Crews
Riflemen Squad
Riflemen Squad
Riflemen Squad
Riflemen Squad
Selects Field Repairs
Grenade Package
Construct Medical Station
Engineer Squad
Mechanized Support Center
Selects War Machine
Construct Motor Pool
Selects Fast Deploy
M24 Chaffee Light Tank
M24 Chaffee Light Tank
Field Repairs
Riflemen Squad
M24 Chaffee Light Tank
M1 Anti-tank Gun Team
Riflemen Squad
AI Takeover
KillerKermit
LimnuT
vitofan
BLACKT
IronDragon
PanaFachero
0
0
Comments
sign in to comment!
No comments posted yet!